 Dungeon Crawl Stone Soup version 0.31.0-11-ge490571c62 (webtiles) character file.

Game seed: 8692512491278319158

254 qw the Ducker (level 5, -3/26 HPs)
             Began as a Spriggan Hunter on Feb 4, 2024.
             Slain by an iguana (10 damage)
             ... on level 4 of the Dungeon.
             The game lasted 00:00:41 (2513 turns).

qw the Ducker (Spriggan Hunter)                     Turns: 2513, Time: 00:00:41

Health: -3/26      AC:  2    Str:  5 (7)  XL:     5   Next: 90%
Magic:  6/6        EV: 21    Int: 10 (11) God:
Gold:   166        SH:  0    Dex: 18 (20) Spells: 4/4 levels left

rFire   . . .        a - +1 shortbow
rCold   . . .        (shield currently unavailable)
rNeg    + . .        c - +0 robe
rPois   .            (helmet restricted)
rElec   .            (no cloak)
rCorr   .            (gloves unavailable)
SInv    +            (boots unavailable)
Will    .....        (no amulet)
Stlth   ++           i - ring of positive energy
HPRegen 0.24/turn    (no ring)
MPRegen 0.10/turn

%: no passive effects
@: very quick
A: very small, no large weapons, unfitting armour, see invisible, speed 3
a: no special abilities


You were on level 4 of the Dungeon.
You visited 1 branch of the dungeon, and saw 4 of its levels.

You collected 166 gold pieces.


Innate Abilities, Weirdness & Mutations

You are very small and have problems with some larger weapons.
You are too small for most types of armour.
You have supernaturally acute eyesight. (SInv)
You cover ground extremely quickly. (Speed+++)


   Skills:
 - Level 2.0 Fighting
 + Level 5.0 Ranged Weapons
 - Level 7.0 Dodging
 - Level 1.5 Stealth


You had 4 spell levels left.
You didn't know any spells.
Your spell library was empty.

Inventory:

Hand Weapons
 a - a +1 shortbow (weapon)
Armour
 c - a +0 robe (worn)
Jewellery
 i - a ring of positive energy (left hand)
Potions
 b - a potion of attraction {unknown}
 e - a potion of might
 g - a potion of invisibility {unknown}
 h - a potion of enlightenment {unknown}
 j - a potion of haste

Dungeon Overview and Level Annotations

Branches:
Dungeon (4/15)
 Temple: D:4-7

Altars:
Dithmenos

Annotations:
D:2 1 runed translucent door, Crazy Yiuf


Message History

Found a stone staircase leading up.
An iguana comes into view.
You shoot an arrow. The arrow hits the iguana.
The iguana hisses angrily.
The iguana is lightly wounded.
You shoot an arrow. The arrow hits the iguana.
The iguana is lightly wounded.
You shoot an arrow.
The arrow hits the iguana but does no damage.
The iguana is lightly wounded.
You shoot an arrow. The arrow hits the iguana.
The iguana is moderately wounded.
You shoot an arrow. The arrow hits the iguana.
The iguana is heavily wounded.
You shoot an arrow. The arrow hits the iguana.
The iguana is heavily wounded.
The iguana barely misses you.
You shoot an arrow.
The arrow hits the iguana but does no damage.
The iguana is heavily wounded.
The iguana bites you!
Ouch! That really hurt!
The iguana completely misses you.
You shoot an arrow. The arrow closely misses the iguana.
The iguana bites you!
You shoot an arrow.
The arrow hits the iguana but does no damage.
The iguana is heavily wounded.
You hear a bark!
The iguana misses you.
A hound comes into view.
You shoot an arrow. The arrow closely misses the iguana.
The iguana misses you.
You shoot an arrow. The arrow hits the iguana.
The iguana is severely wounded.
The iguana closely misses you. The hound misses you.
You shoot an arrow. The arrow hits the iguana.
The iguana is almost dead.
The hound closely misses you. The iguana bites you!
You die...

# #. #.#######
#.......## #.#...
..#......#.#.##.#####
...#.#.#....#.#.##......
.$....l@h<#.#.#.........
..##.#.#.##.#.#.........
#.#.##.#.#.........
#.#.##'#.#..#######
#.#.#....#........#
#.#.#.............#
#.#.......#########
#..................
###.####.##########


You could see an iguana and a hound.

Vanquished Creatures
  Sigmund (D:3)
  2 adders (D:2)
  2 ribbon worms (D:3)
  3 dart slugs
  An orc (D:3)
  8 endoplasms
  2 giant cockroaches
  5 goblins
  4 hobgoblins
  4 jackals (D:3)
  8 kobolds
  2 quokkas
  9 ball pythons
  3 bats
  5 frilled lizards
  5 rats (D:1)
64 creatures vanquished.

Notes
Turn   | Place    | Note
-------+----------+-------------------------------------------
     0 | D:1      | qw the Spriggan Hunter began the quest for the Orb.
     0 | D:1      | Reached XP level 1. HP: 10/10 MP: 2/2
     0 | D:1      | 0 ||| qw: Version: 0.3-a-160-g6735b56
     0 | D:1      | 0 ||| qw: Game counter: 5762
     0 | D:1      | 0 ||| qw: Melee chars always use a shield: true
     0 | D:1      | 0 ||| qw: God list: Okawaru
     0 | D:1      | 0 ||| qw: Allow faded altars: false
     0 | D:1      | 0 ||| qw: Do Orc after clearing Dungeon:15 true
     0 | D:1      | 0 ||| qw: Do second Lair branch before Depths: true
     0 | D:1      | 0 ||| qw: Lair rune preference: random
     0 | D:1      | 0 ||| qw: Goals: Normal
     0 | D:1      | 0 ||| PLANNING D:1-11
    60 | D:1      | Reached skill level 3 in Dodging
    82 | D:1      | Reached XP level 2. HP: 5/14 MP: 3/3
   212 | D:1      | Reached skill level 4 in Dodging
   577 | D:1      | Reached XP level 3. HP: 18/18 MP: 4/4
   769 | D:1      | 769 ||| UPGRADING to ring of positive energy.
   770 | D:1      | 770 ||| READING 4 scrolls labelled TOTEIKHLAJAP.
   770 | D:1      | 770 ||| IDENTIFYING yellow potion
   771 | D:1      | 771 ||| READING 3 scrolls of identify.
   771 | D:1      | 771 ||| IDENTIFYING 2 clear potions
   772 | D:1      | 772 ||| READING 2 scrolls of identify.
   772 | D:1      | 772 ||| IDENTIFYING scroll labelled BIJARAU YRCHUOQ
   773 | D:1      | 773 ||| READING scroll of identify.
   773 | D:1      | 773 ||| IDENTIFYING scroll labelled XAEFEE TUEQAH
   774 | D:1      | 774 ||| READING scroll of enchant weapon.
   774 | D:1      | 774 ||| ENCHANTING +0 shortbow.
   775 | D:1      | 775 ||| READING scroll labelled JUEKIS TAN.
   776 | D:1      | 776 ||| DROPPING scroll of butterflies.
   777 | D:1      | 777 ||| DROPPING scroll of blinking.
   795 | D:2      | Found a faded altar of an unknown god.
  1421 | D:2      | Found a runed translucent door.
  1422 | D:2      | Noticed Crazy Yiuf
  1689 | D:2      | 1689 ||| READING scroll labelled JATIKU ET XAOCI.
  1690 | D:2      | 1690 ||| READING scroll labelled HIGONLAUPH.
  1719 | D:2      | 1719 ||| READING scroll labelled BYSTEIR BALI.
  1840 | D:3      | Reached XP level 4. HP: 18/22 MP: 5/5
  1942 | D:3      | Noticed Sigmund
  1943 | D:3      | 1943 ||| DRINKING 2 potions of haste.
  1952 | D:3      | Killed Sigmund
  1953 | D:3      | Reached skill level 7 in Dodging
  1953 | D:3      | Reached XP level 5. HP: 25/25 MP: 6/6
  1990 | D:3      | Found a shadowy altar of Dithmenos.
  2345 | D:3      | 2345 ||| READING scroll labelled PUSEWNITAEKK.
  2346 | D:3      | 2346 ||| DRINKING 2 cyan potions.
  2347 | D:3      | 2347 ||| DROPPING potion of degeneration.
  2509 | D:4      | HP: 6/26 [iguana (7)]
  2513 | D:4      | Slain by an iguana

Levels and vault maps discovered:
D:1:      minmay_arrival_pointy, layout_loops_cross, minmay_fountain_box,
          roderic_serpentine_path, st_stairs_2, minmay_misc_feat_square,
          minmay_octomino_j4
D:2:      layout_basic, nicolae_ecumenical_pavilion, lightli_corner_chamber,
          uniq_crazy_yiuf_cottage
D:3:      layout_basic, mainiacjoe_overflow_alcove_2, uniq_sigmund
D:4:      layout_basic, uniq_blork_the_orc, uniq_grinder

Skill      XL: |  1  2  3  4  5 |
---------------+----------------+-----
Dodging        | 3 4 7 |  7.0
Ranged Weapons | 5 |  5.0
Fighting       | 2 |  2.0
Stealth        | |  1.5

Action                     |  1- 3 |  4- 6 || total
---------------------------+-------+-------++-------
   Fire: Shortbow          |   107 |    72 ||   179
    Use: Scroll            |     9 |     1 ||    10
         Potion            |       |     2 ||     2
 Armour: Robe              |    11 |     5 ||    16
  Dodge: Dodged            |    37 |    17 ||    54

Table legend:
 A = Non-vault XP
 B = Vault XP
 C = Vault XP percentage of total XP
 D = Non-vault monster count
 E = Vault monster count
 F = Vault count percentage of total count
                 A         B        C        D         E       F
            +---------+---------+-------+---------+---------+-------
      Total |     127 |     236 |  65.0 |      56 |       8 |  12.5
            +---------+---------+-------+---------+---------+-------
        D:1 |      34 |      13 |  27.7 |      23 |       7 |  23.3
        D:2 |      49 |       0 |   0.0 |      12 |       0 |   0.0
        D:3 |      37 |     223 |  85.8 |      17 |       1 |   5.6
        D:4 |       7 |       0 |   0.0 |       4 |       0 |   0.0
            +---------+---------+-------+---------+---------+-------
